 Dungeon Crawl Stone Soup version 0.28.0-1-gb440e238dd (webtiles) character file.

Game seed: 12455045527757981411

209500 KamiKatze the Peltast (level 18, -1/120 HPs)
             Began as a Gargoyle Berserker on Feb 23, 2022.
             Was the Champion of Trog.
             Slain by an orc knight (38 damage)
             ... on level 1 of the Vaults on Feb 25, 2022.
             The game lasted 02:38:00 (33090 turns).

KamiKatze the Peltast (Gargoyle Berserker)         Turns: 33090, Time: 02:38:00

Health: -1/120     AC: 40    Str: 35    XL:     18   Next: 82%
Magic:  18/18      EV: 11    Int: 10    God:    Trog [******]
Gold:   3204       SH: 13    Dex:  9    Spells: 17/17 levels left

rFire   + . .      SeeInvis +   a - +2 broad axe (vorpal)
rCold   + . .      Faith    .   x - +0 kite shield
rNeg    + . .      Spirit   .   P - +5 chain mail "Innar" {-Cast rElec Regen+ Str+5}
rPois   ∞          Reflect  .   u - +1 helmet {SInv}
rElec   +          Harm     .   J - +1 cloak {rCorr}
rCorr   +          Rampage  .   Z - +1 pair of gloves {Str+3}
Will    ++++.      NoCast   +   d - +0 pair of boots of Gaehogeg {rC+ rCorr}
Stlth   ..........              X - amulet of regeneration
HPRegen 2.90/turn               s - ring of protection from fire
MPRegen 0.16/turn               Q - ring of willpower

@: strong-willed, flying, regenerating
A: sickness immunity, AC +13, big wings, negative energy resistance 1,
electricity resistance, torment resistance 1, petrification resistance
}: 1/15 runes: decaying
a: Renounce Religion, Berserk, Trog's Hand, Brothers in Arms


You were on level 1 of the Vaults.
You worshipped Trog.
Trog was exalted by your worship.
You visited 6 branches of the dungeon, and saw 29 of its levels.
You also visited: Ossuary, Gauntlet, Volcano and Desolation.

You collected 3436 gold pieces.
You spent 232 gold pieces at shops.

Inventory:

Hand Weapons
 a - a +2 vorpal broad axe (weapon)
 b - a +1 war axe of venom
 w - a +2 war axe of flaming
 C - a +1 vorpal broad axe
Missiles
 n - 2 throwing nets
 p - 5 curare-tipped darts
 z - 28 poisoned darts (quivered)
Armour
 d - the +0 pair of boots of Gaehogeg (worn) {rC+ rCorr}
   (You found it in a Gauntlet)

   rC:        It protects you from cold.
   rCorr:     It protects you from acid and corrosion.
 u - a +1 helmet of see invisible (worn)
 x - a +0 kite shield (worn)
 J - a +1 cloak of preservation (worn)
 P - the +5 chain mail "Innar" (worn) {-Cast rElec Regen+ Str+5}
   (You took it off a wight on level 9 of the Dungeon)

   Str:       It affects your strength (+5).
   rElec:     It insulates you from electricity.
   -Cast:     It prevents spellcasting.
   Regen:     It increases your rate of health regeneration.
 V - a +1 plate armour of willpower
 Z - a +1 pair of gloves of strength (worn)
Jewellery
 s - a ring of protection from fire (left hand)
 E - a ring of ice
 O - the ring "Byso Gul" {rC+ Str+6}
   (You found it in the Desolation of Salt)

   [ring of strength]

   Str:       It affects your strength (+6).
   rC:        It protects you from cold.
 Q - a ring of willpower (right hand)
 X - an amulet of regeneration (around neck)
 Y - a ring of protection from fire
Wands
 e - a wand of digging (7)
 q - a wand of acid (18)
 t - a wand of polymorph (18)
 v - a wand of paralysis (28)
 D - a wand of iceblast (20)
 G - a wand of flame (26)
 L - a wand of charming (5)
Scrolls
 j - 11 scrolls of teleportation
 l - 6 scrolls of blinking
 r - 3 scrolls of summoning
 y - 6 scrolls of fog
 A - 2 scrolls of holy word
 B - 8 scrolls of identify
 F - 3 scrolls of magic mapping
 N - 3 scrolls of fear
Potions
 f - 2 potions of resistance
 g - 6 potions of haste
 h - 8 potions of invisibility
 i - 6 potions of might
 m - 6 potions of heal wounds
 o - 7 potions of lignification
 H - 4 potions of curing
 R - 3 potions of cancellation
 T - 2 potions of ambrosia
 U - 2 potions of attraction
Miscellaneous
 c - a condenser vane
 k - a lightning rod (4/4)
 I - a tin of tremorstones (2/2)
 M - a phantom mirror
 S - a box of beasts


   Skills:
 + Level 15.6 Fighting
 * Level 18.0 Axes
 + Level 12.7 Armour
 + Level 10.0 Dodging
 + Level 18.0 Shields
 + Level 6.7 Evocations


You had 17 spell levels left.
You didn't know any spells.
Your spell library was empty.

Dungeon Overview and Level Annotations

Branches:
Dungeon (15/15)            Temple (1/1) D:4            Lair (6/6) D:9
  Swamp (4/4) Lair:3       Spider (0/4) Lair:3        Slime (0/5) Lair:5
    Orc (2/2) D:12            Elf (0/3) Orc:2        Vaults (1/5) D:13
 Depths (0/4) D:15        Ossuary (visited)         Volcano (visited)
Desolation (visited)      Gauntlet (visited)

Altars:
Ashenzari
Cheibriados
Dithmenos
Elyvilon
Fedhas
Gozag
Hepliaklqana
Kikubaaqudgha
Makhleb
Nemelex Xobeh
Okawaru
Qazlal
Ru
Sif Muna
Trog
Uskayaw
Vehumet
Wu Jian
Xom
Yredelemnul
Zin
The Shining One
Beogh
Lugonu

Shops:
D:2 *   D:10 (   D:15 *   Orc:2 [*[=(

Portals:
Abyss: Lair:6
Trove: D:13 (show slimy rune of Zot)

Annotations:
D:11 exclusion: 2 orange crystal statues
Swamp:4 1 runed translucent door, exclusion: door, Silenth's ghost, adept KoHu


Innate Abilities, Weirdness & Mutations

You are immune to sickness and miasma.
Your stone body is resilient. (AC +13)
You are immune to poison.
Your large and strong wings let you fly.
You resist negative energy. (rN+)
You are resistant to electric shocks. (rElec)
You are resistant to unholy torment.
You are immune to petrification.


Message History

Trog accepts your kill.
An orc knight comes into view. It is wielding a +2 bardiche of venom.
The yaktaur shoots a bolt.
The bolt hits you!
The orc knight shouts!
An orc warlord comes into view.
It is wielding a +3 great mace of protection.
The yaktaur shoots a bolt.
You block the bolt.
Things that are here:
a +0 arbalest; 13 bolts The orc knight roars a battlecry!
You hit the ironbound frostheart but do no damage.
The orc warlord roars a battlecry!
The orc knight goes into a battle-frenzy!
You slice the ironbound frostheart!!
The ironbound frostheart is heavily wounded.
The ironbound frostheart calls freezing cold from the walls.
The frost grips you! You partially resist.
You are encased in ice.
You open the ironbound frostheart like a pillowcase!!!
You kill the ironbound frostheart!
Trog accepts your kill.
Trog appreciates your killing of a magic user.
The yaktaur shoots a bolt.
You block the bolt.
An orc knight comes into view. It is wielding a +0 broad axe.
The ice encasing you melts away.
The orc knight shouts!
You hear a shout!
The orc warlord unwields a +3 great mace of protection.
The orc warlord wields a +0 arbalest.
The orc warlord shoots a bolt.
The bolt hits you but does no damage.
The orc knight hits you with a +2 bardiche of venom!!
* * * LOW HITPOINT WARNING * * *
Things that are here:
a +0 ring mail; a human corpse You hit the orc knight.
The orc knight is lightly wounded.
The orc warlord shoots a bolt.
The bolt hits you but does no damage. You block the orc knight's attack.
You slice the orc knight!!
The orc knight is heavily wounded.
The orc knight hits you with a +2 bardiche of venom!!!
You die...

****** *,,,,* *,,,,* +,,,,*
##########********* #....#
#........#,,,,,,,,, #....#
#.#..#.#.#,*,,,,,,, #....#
#.#.o....#,,,,,,,,, #....#
#)@)o....#,*,****** #....#
#.#o##...#,,,* #....#
#...#,,,##*,** #....#
##.##*,,,*,,,* #÷...#
#...#,,,,*,,,*
'[...##########.#.#,,,,,,,,*
#....#............#,,,,,,,,*
#....'..........#.#,,,,,,,,*
#....#............#,,,,,,,,*


You could see an orc warlord (strong) and 2 orc knights.

Vanquished Creatures
  Kirke (Swamp:3)
  3 thorn hunters (Swamp:4)
  2 fenstrider witches (Swamp:4)
  An orc warlord (Orc:1)
  An imperial myrmidon (Desolation)
  A vault warden (Vaults:1)
  The ghost of esran the Fighter, a journeyman TrFi of Okawaru (Orc:1)
  Aizul (Swamp:2)
  2 hydra zombies (Swamp:4)
  3 ironbound preservers (Vaults:1)
  2 vampire knights (Swamp:4)
  4 bunyips
  4 eleionomae
  2 halazid warlocks (Desolation)
  A minotaur (Gauntlet)
  An ettin (D:15)
  A crystal guardian (Desolation)
  Josephine (D:15)
  11 ragged hierophants (Desolation)
  6 shambling mangroves
  22 hydras
  5 boulder beetles
  4 vault guards (D:13)
  Erolcha (D:13)
  7 servants of whispers (Desolation)
  4 catoblepae
  2 ghost crabs
  6 peacekeepers (Desolation)
  An ironbound frostheart (Vaults:1)
  A death knight (D:15)
  6 two-headed ogres
  4 centaur warriors
  7 alligators
  A tengu warrior (Gauntlet)
  3 thrashing horrors (Lair:6)
  5 death yaks (Lair:3)
  4 orc high priests (Orc:2)
  A shock serpent (shapeshifter) (Lair:6)
  Nergalle (Lair:4)
  A death drake (Swamp:4)
  5 goliath frogs
  5 skeletal warriors (D:14)
  A flayed ghost (Swamp:4)
  16 deep trolls
  4 spriggan druids
  5 bog bodies
  4 ironbound convokers (Desolation)
  7 swamp dragons
  A wizard (Volcano)
  A lindwurm (Lair:2)
  6 orc knights
  3 deep elf pyromancers
  6 will-o-the-wisps
  22 ugly things
  4 orc sorcerers
  3 manticores
  6 cyclopes
  3 oklob plants (Swamp:4)
  2 rust devils (D:6)
  A cyclops (shapeshifter) (D:14)
  8 elephants
  3 salamanders (Volcano)
  3 guardian serpents (Desolation)
  6 black mambas
  Maurice (Orc:2)
  A vault sentinel (Vaults:1)
  A smoke demon (Lair:6)
  A torpor snail (Lair:4)
  9 cane toads
  5 molten gargoyles
  5 gargoyles
  An unseen horror (D:12)
  5 rime drakes
  9 komodo dragons
  2 yaktaurs (Vaults:1)
  A tengu conjurer (Gauntlet)
  4 efreet
  2 ancient zymes (Lair:6)
  2 bloated husks
  8 trolls
  3 large abominations (Lair:6)
  10 hornets
  A death drake zombie (Swamp:4)
  A meliai (D:13)
  A polar bear (Lair:4)
  A queen bee (shapeshifter) (D:13)
  8 tyrant leeches
  A hydra skeleton (Swamp:4)
  9 slime creatures
  65 saltlings (Desolation)
  23 blink frogs
  3 death drake skeletons (Swamp:4)
  A jumping spider (Lair:3)
  Sigmund (D:2)
  6 spriggans
  A water elemental (D:14)
  A shadow (D:13)
  2 vampires
  A culicivora (Lair:3)
  6 wraiths
  39 yaks
  4 wyverns
  4 ynoxinuls (Lair:6)
  Eustachio (D:6)
  3 hogs (Swamp:3)
  A chaos spawn (Lair:6)
  7 basilisks
  A steam dragon (D:8)
  Edmund (D:6)
  A redback (Lair:3)
  9 vampire mosquitoes
  A warg (Orc:1)
  22 swamp worms
  2 acid dragons
  10 water moccasins
  6 hydra simulacra (Swamp:4)
  5 swamp drakes (Swamp:4)
  Duvessa (D:7)
  37 orc warriors
  5 swamp dragon zombies (Swamp:4)
  2 hornet zombies (D:7)
  4 necrophages
  4 black bears
  An ice beast (D:3)
  10 ogres
  A swamp dragon skeleton (Swamp:4)
  A centaur (D:12)
  21 wolves
  2 phantoms
  3 kobold brigands (D:12)
  7 bullfrogs
  4 scorpions
  3 gnoll sergeants (D:12)
  18 small abominations
  Dowan (D:7)
  A wyvern skeleton (D:6)
  16 killer bees
  21 wights
  15 electric eels
  5 howler monkeys
  A crimson imp (D:4)
  6 centaur zombies
  A hound (D:6)
  3 human zombies (Ossuary)
  A jelly (D:5)
  Crazy Yiuf (D:3)
  11 orc priests
  A centaur skeleton (D:5)
  2 gnoll shamans
  2 bullfrog skeletons
  2 iguanas
  A scorpion zombie (D:5)
  Ijyb (D:4)
  Natasha (thrice) (D:2)
  25 orc wizards
  2 killer bee zombies (D:7)
  A hound skeleton (D:5)
  4 mummies
  3 howler monkey zombies
  16 gnolls
  A howler monkey skeleton (D:4)
  9 adders
  2 shadow imps
  2 white imps
  An adder skeleton (D:4)
  2 dart slugs
  66 orcs
  8 endoplasms
  4 giant cockroaches
  9 goblins
  13 hobgoblins
  A jackal (D:3)
  7 kobolds
  3 quokkas
  9 ball pythons
  5 bats
  6 frilled lizards
  6 gnoll zombies (Ossuary)
  A goblin zombie (Ossuary)
  2 hobgoblin zombies (Ossuary)
  2 orc zombies (Ossuary)
  4 rats
  A spectral orc (D:7)
1013 creatures vanquished.

Vanquished Creatures (collateral kills)
  A bunyip (Swamp:1)
  A spriggan druid (Swamp:1)
  An orc knight (Volcano)
  A swamp dragon (Swamp:1)
  A molten gargoyle (Volcano)
  An efreet (Volcano)
  A tyrant leech (Swamp:1)
  A swamp worm (Swamp:1)
8 creatures vanquished.

Vanquished Creatures (others)
  A hydra (Swamp:4)
  2 wizards
  A molten gargoyle (Volcano)
  An orc wizard (Orc:2)
  A shadow imp (D:8)
  28 foxfires
  48 fungi
  110 plants
192 creatures vanquished.

Grand Total: 1213 creatures vanquished

Notes
Turn   | Place    | Note
-------+----------+-------------------------------------------
     0 | D:1      | KamiKatze the Gargoyle Berserker began the quest for the
                  | Orb.
     0 | D:1      | Reached XP level 1. HP: 14/14 MP: 1/1
   189 | D:1      | Found a faded altar of an unknown god.
   340 | D:1      | Reached XP level 2. HP: 17/19 MP: 2/2
  1016 | D:2      | Reached XP level 3. HP: 24/24 MP: 3/3
  1106 | D:2      | Found Nuelawn's Assorted Antiques.
  1149 | D:2      | Reached ** piety under Trog
  1228 | D:2      | Bought a puce potion for 16 gold pieces
  1228 | D:2      | Bought a scroll labelled KIHYCU PIOFU for 18 gold pieces
  1229 | D:2      | Bought a scroll labelled ROUK FISEENGINN for 18 gold pieces
  1336 | D:2      | Noticed Natasha
  1339 | D:2      | Reached XP level 4. HP: 29/29 MP: 4/4
  1346 | D:2      | Killed Natasha
  1605 | D:2      | Noticed Natasha
  1626 | D:2      | Killed Natasha
  1786 | D:2      | Reached XP level 5. HP: 34/34 MP: 5/5
  1796 | D:2      | Noticed Sigmund
  1811 | D:2      | Killed Sigmund
  1812 | D:2      | Reached skill level 5 in Fighting
  1812 | D:2      | Reached skill level 5 in Axes
  1812 | D:2      | Reached XP level 6. HP: 40/40 MP: 6/6
  2278 | D:2      | Bought a scroll labelled ZODIOL VOECZAS for 18 gold pieces
  2609 | D:3      | Found a runed translucent door.
  2610 | D:3      | Noticed Crazy Yiuf
  2635 | D:3      | Killed Crazy Yiuf
  2801 | D:2      | Noticed Natasha
  2808 | D:2      | Killed Natasha
  3064 | D:4      | Noticed an ice beast
  3078 | D:3      | Reached XP level 7. HP: 44/44 MP: 7/7
  3135 | D:4      | Noticed Ijyb
  3138 | D:4      | Killed Ijyb
  3670 | D:4      | Found a staircase to the Ecumenical Temple.
  3679 | Temple   | Entered the Ecumenical Temple
  4032 | D:4      | Reached XP level 8. HP: 52/52 MP: 8/8
  4358 | D:5      | Entered Level 5 of the Dungeon
  4366 | D:5      | Found a sand-covered staircase.
  4372 | Ossuary  | Entered an ossuary
  4415 | Ossuary  | Reached *** piety under Trog
  5011 | D:2      | Bought a jewelled scale mail for 162 gold pieces
  5011 | D:2      | Identified the +6 scale mail "Cisokk" {SInv} (You bought it
                  | in a shop on level 2 of the Dungeon)
  5841 | D:6      | Noticed Eustachio
  5854 | D:7      | Reached XP level 9. HP: 52/58 MP: 9/9
  5855 | D:7      | Reached skill level 1 in Evocations
  5895 | D:6      | Killed Eustachio
  6164 | D:6      | Reached skill level 1 in Shields
  6210 | D:6      | Reached **** piety under Trog
  6238 | D:6      | Noticed Edmund
  6247 | D:6      | Killed Edmund
  6778 | D:7      | Identified the +4 mace of the Saviour {vorpal, Will+}
  6788 | D:7      | Found a basalt altar of Yredelemnul.
  6790 | D:7      | Found a shadowy altar of Dithmenos.
  6811 | D:7      | Noticed a wizard
  6819 | D:7      | Killed a wizard
  6938 | D:7      | Found a hazy altar of Hepliaklqana.
  7043 | D:7      | Noticed Duvessa
  7043 | D:7      | Noticed Dowan
  7069 | D:6      | Noticed a rust devil
  7069 | D:6      | Noticed a rust devil
  7087 | D:7      | Killed Duvessa
  7088 | D:7      | Reached XP level 10. HP: 48/65 MP: 10/10
  7273 | D:7      | Reached skill level 10 in Axes
  7350 | D:7      | Killed Dowan
  7377 | D:7      | Reached skill level 5 in Shields
  7434 | D:7      | Found an ornate altar of the Wu Jian Council.
  7439 | D:7      | Noticed a +0 short sword
  7439 | D:7      | Noticed a +0 dagger
  7440 | D:7      | Noticed a +0 dagger
  7440 | D:7      | Noticed a +0 short sword
  7441 | D:7      | Noticed a +0 falchion
  7441 | D:7      | Noticed a +0 falchion
  7441 | D:7      | Noticed a +0 spear
  7442 | D:7      | Noticed a +0 spear
  7444 | D:7      | Found a hide-covered altar of Uskayaw.
  8181 | D:8      | Noticed a manticore
  8189 | D:8      | Killed a manticore
  9527 | D:9      | Found a blossoming altar of Fedhas.
 10063 | D:9      | HP: 2/66 [komodo dragon (20)]
 10070 | D:9      | Reached XP level 11. HP: 5/72 MP: 11/11
 10496 | D:9      | Found a staircase to the Lair.
 10683 | D:9      | Found a radiant altar of Vehumet.
 10852 | D:9      | Identified the +5 chain mail "Innar" {-Cast rElec Regen+
                  | Str+5}
 10896 | D:9      | Reached ***** piety under Trog
 11024 | D:10     | Entered Level 10 of the Dungeon
 11024 | D:10     | Found Oboseat's Antique Weapon Shoppe.
 11381 | D:10     | Reached skill level 10 in Fighting
 11407 | D:10     | Noticed a two-headed ogre
 11418 | D:10     | Killed a two-headed ogre
 11492 | D:10     | Received a gift from Trog
 12558 | D:11     | Noticed an orange crystal statue
 12558 | D:11     | Noticed an orange crystal statue
 12558 | D:11     | Found the +7 great mace "Firestarter" {inner flame, rF++}
 12606 | D:12     | Noticed a purple ugly thing
 12614 | D:12     | Killed a purple ugly thing
 12733 | D:12     | Noticed a four-headed hydra
 13049 | D:12     | Noticed a deep elf pyromancer
 13057 | D:11     | Killed a one-headed hydra
 13058 | D:11     | Reached XP level 12. HP: 68/78 MP: 12/12
 13145 | Lair:1   | Entered Level 1 of the Lair of Beasts
 13628 | Lair:1   | Reached skill level 5 in Armour
 13628 | Lair:1   | Reached skill level 10 in Shields
 13897 | Lair:1   | Noticed an eight-headed hydra
 13904 | Lair:1   | Killed a five-headed hydra
 14580 | Lair:2   | Found a dark tunnel.
 14632 | Volcano  | Entered a volcano
 15400 | Volcano  | Noticed an orb of fire
 15400 | Volcano  | Noticed an orb of fire
 15427 | Volcano  | Reached XP level 13. HP: 29/84 MP: 13/13
 15440 | Volcano  | Reached skill level 5 in Dodging
 17525 | Lair:3   | Found a hole to the Spider Nest.
 17824 | Lair:3   | Found a staircase to the Swamp.
 18155 | Lair:4   | Noticed Nergalle
 18234 | Lair:4   | Killed Nergalle
 18327 | Lair:4   | Gained mutation: Your large and strong wings let you fly.
                  | [Gargoyle growth]
 18327 | Lair:4   | Reached XP level 14. HP: 92/92 MP: 14/14
 19771 | Lair:5   | Found a staircase to the Slime Pits.
 20069 | Lair:5   | Identified the +10 dagger of Blood {vorpal, rPois Str+3
                  | SInv}
 20077 | Lair:6   | Entered Level 6 of the Lair of Beasts
 20137 | Lair:6   | Identified the +12 demon blade of Grontol {flame, rPois}
                  | (Trog gifted it to you on level 6 of the Lair of Beasts)
 20137 | Lair:6   | Received a gift from Trog
 20881 | Lair:6   | Found a corrupted altar of Lugonu.
 20881 | Lair:6   | Found a one-way gate to the infinite horrors of the Abyss.
 20910 | Lair:6   | Identified the +1 leather armour "Mukumele" {Rampage Will+
                  | SInv}
 20996 | Lair:6   | Reached XP level 15. HP: 69/97 MP: 15/15
 21032 | Lair:6   | Reached ****** piety under Trog
 21694 | D:12     | Identified the +6 falchion "Xynug" {drain, rElec rN+}
 21715 | D:12     | Found a staircase to the Orcish Mines.
 21717 | D:12     | Reached skill level 15 in Axes
 21744 | D:12     | Received a gift from Trog
 22224 | Orc:1    | Entered Level 1 of the Orcish Mines
 22305 | Orc:1    | Found a large runed translucent door.
 22305 | Orc:1    | Found a large runed translucent door.
 22579 | Orc:1    | Noticed esran's ghost (journeyman TrFi)
 22703 | Orc:2    | Entered Level 2 of the Orcish Mines
 22799 | Orc:2    | Noticed Maurice
 23025 | Orc:2    | Received a gift from Trog
 23030 | Orc:2    | Killed Maurice
 23110 | Orc:2    | Found Lamuy's Antique Armour Shop.
 23176 | Orc:2    | Found a staircase to the Elven Halls.
 23664 | Orc:2    | Reached skill level 15 in Shields
 23696 | Orc:2    | Noticed an orc warlord
 23762 | Orc:1    | Killed an orc warlord
 24029 | Orc:2    | Found Esewk's General Store.
 24030 | Orc:2    | Found Irphaufi's Jewellery Boutique.
 24032 | Orc:2    | Found Dikloq's Antique Armour Boutique.
 24032 | Orc:2    | Found Jenidur's Antique Weapon Shop.
 24144 | D:13     | Found a portal to a secret trove of treasure.
 24194 | D:13     | Found a gate to the Vaults.
 24279 | D:13     | Reached skill level 10 in Armour
 24298 | D:13     | Found a gate leading to a gauntlet.
 24307 | Gauntlet | Entered a Gauntlet
 24307 | Gauntlet | Found a transporter.
 24311 | Gauntlet | Found a transporter.
 24313 | Gauntlet | Found a transporter.
 24330 | Gauntlet | Found a transporter.
 24331 | Gauntlet | Found a transporter.
 24342 | Gauntlet | Found a transporter.
 24358 | Gauntlet | Found a transporter.
 24362 | Gauntlet | Found a transporter.
 24378 | Gauntlet | Found a transporter.
 24382 | Gauntlet | Found a transporter.
 24408 | Gauntlet | Found a transporter.
 24410 | Gauntlet | Found a transporter.
 24437 | Gauntlet | Found a transporter.
 24441 | Gauntlet | Found a transporter.
 24545 | Gauntlet | Received a gift from Trog
 24611 | Gauntlet | Identified the +0 pair of boots of Gaehogeg {rC+ rCorr}
 24691 | Gauntlet | Identified the +1 spear of the Head {drain, rN+ rCorr
                  | Stlth+}
 24691 | Gauntlet | Identified the +1 ring mail "Tuakerom" {rC+}
 24868 | D:13     | Noticed Erolcha
 24874 | D:13     | Killed Erolcha
 24875 | D:13     | Reached XP level 16. HP: 105/105 MP: 16/16
 25174 | D:13     | You are sucked into a shaft and drop 2 floors!
 25174 | D:15     | Entered Level 15 of the Dungeon
 26573 | D:15     | Noticed Josephine
 26574 | D:15     | Received a gift from Trog
 26589 | D:15     | Killed Josephine
 26647 | D:15     | Found a staircase to the Depths.
 26763 | D:15     | Found a glowing golden altar of the Shining One.
 26773 | D:15     | Found Icotoiph's Assorted Antiques.
 27412 | Orc:1    | Killed esran's ghost
 27625 | Swamp:1  | Entered Level 1 of the Swamp
 27877 | Swamp:1  | HP: 3/159 [bunyip[a spriggan druid] (9)]
 28414 | Swamp:2  | Received a gift from Trog
 28484 | Swamp:2  | Reached XP level 17. HP: 98/112 MP: 17/17
 28742 | Swamp:2  | Identified the ring "Pupako" {*Slow Str+6 Int+6}
 29066 | Swamp:3  | Noticed Aizul
 29091 | Swamp:2  | Killed Aizul
 29526 | Swamp:3  | Noticed Kirke
 29544 | Swamp:3  | Killed Kirke
 29741 | Swamp:4  | Entered Level 4 of the Swamp
 30092 | Swamp:4  | Found a runed translucent door.
 30094 | Swamp:4  | Noticed Silenth's ghost (adept KoHu)
 30103 | Swamp:4  | Received a gift from Trog
 30355 | Swamp:4  | Identified the +1 hat of the Six Ships {Rampage Int+2}
 30428 | Swamp:4  | Reached skill level 5 in Evocations
 31016 | Swamp:4  | Found a basalt altar of Yredelemnul.
 31030 | Swamp:4  | Got a decaying rune of Zot
 31051 | Swamp:4  | Found a blossoming altar of Fedhas.
 31604 | Vaults:1 | Entered Level 1 of the Vaults
 31643 | Vaults:1 | Reached skill level 15 in Fighting
 31674 | Vaults:1 | Reached XP level 18. HP: 81/119 MP: 18/18
 31696 | Vaults:1 | HP: 3/119 [deep troll[an ironbound preserver] (11)]
 31841 | Vaults:1 | Found a crumbling gateway.
 31848 | Desolati | Entered the Desolation of Salt
 32008 | Desolati | Identified the +10 demon trident of Disgust {vorpal, rN+}
                  | (Trog gifted it to you in the Desolation of Salt)
 32008 | Desolati | Received a gift from Trog
 32308 | Desolati | Identified the ring "Byso Gul" {rC+ Str+6}
 32395 | Desolati | Found the +7 staff of the Meek {protect, meekguard}
 32432 | Desolati | Received a gift from Trog
 32689 | Desolati | Identified the +6 morningstar of the Snake Pit {vorpal, rC-
                  | Will++ Str+4 Stlth+}
 32695 | Desolati | Identified the +1 leather armour of Ceugucs {Str+7}
 33079 | Vaults:1 | Reached skill level 10 in Dodging
 33090 | Vaults:1 | Slain by an orc knight

Illustrated notes

Levels and vault maps discovered:
D:1:      heliophobic_arrival_enchanted_forest, layout_loops_corners,
          nicolae_ecumenical_lake_church, minmay_misc_feat_room
D:2:      layout_loops_ring, serial_shops, nicolae_shop_advertising_works
          [nicolae_subvault_shop_adworks], uniq_natasha, uniq_sigmund
D:3:      layout_rooms, hangedman_abyss_or_decor_stabs, chequers_arboretum,
          minmay_fractal_squares_diagonal_5, uniq_crazy_yiuf_cottage
D:4:      layout_cave_pods, lemuel_temple_firewalk_b, serial_column_ruins,
          column_ruins_square_large, column_ruins_hut_pillars,
          column_ruins_grid_1, column_ruins_open_small, column_ruins_grid_1,
          minmay_fire_ice_demons, uniq_ijyb
D:5:      layout_loops_cross, enter_ossuary_5, serial_bayou_pond_d
D:6:      cheibrodos_iron_armory, layout_layer_cave, uniq_eustachio, uniq_edmund
D:7:      cheibrodos_wizards_tower, layout_gridville, nicolae_uskayaw_en_pointe,
          nicolae_hepliaklqana_monster_ancestors, amcnicky_altar_gilded,
          mainiacjoe_overflow_catwalk_spiral, serial_undead, serial_undead_d,
          serial_undead_c, serial_undead_e, serial_undead_f, serial_undead_f,
          serial_undead_d, due_unseen_surprise, uniq_duvessa
D:8:      layout_loops_ring, serial_bayou, serial_bayou_lagoon_a,
          serial_bayou_lake_a, serial_bayou_ford_a, serial_bayou_pond_d,
          roderic_lattice_a
D:9:      layout_basic, nicolae_vehumet_altar_sigil, fedhas_altar_1,
          due_lair_maze_entry_diamond
D:10:     layout_big_octagon, grunt_ministairs_6, chequers_avenue,
          nicolae_stop_n_shop_2, amethyst_killhole
D:11:     layout_roguey, david_greed
D:12:     layout_rooms, kennysheep_orc_monster_closet_entryway,
          minmay_misc_feat_alley
D:13:     layout_cave_pods, lightli_vaults_fourway_checkpoint,
          nicolae_trove_entry_crystal, gauntlet_entry_generic, uniq_erolcha
D:14:     layout_irregular_city, serial_bayou, serial_bayou_crossing,
          serial_bayou_lagoon_b, serial_bayou_pond_e, serial_bayou_pond_e,
          nicolae_benzene_ring
D:15:     hangedman_depths_entry_civil_slaughter, layout_basic, serial_shops,
          shop, hangedman_decor_peaks_small, tso_oasis_becter, uniq_josephine
Temple:   regret_index_temple_waves
Lair:1:   layout_cave_pods, lemuel_old_faithful, serial_bayou_shore_b
Lair:2:   layout_cave_pods, nicolae_volcano_entry_vermiform
Lair:3:   layout_long_grid, nicolae_swamp_entry_splash_gauntlet,
          spider_nest_entry_funnel_web, chequers_serial_rivers_room_a,
          nicolae_quartered_pool_impasse
Lair:4:   layout_cave_pods, uniq_nergalle
Lair:5:   nzn_motion_control, layout_regular_city, minmay_slime_entry_pillars
Lair:6:   hellmonk_lair_end_abyssal_woods, layout_misc_corridors
Swamp:1:  nicolae_swamp_ascending_descending, layout_basic_swamp,
          nicolae_swamp_oxbows
Swamp:2:  layout_basic_swamp, hangedman_swamp_blocks, swamp_pool4
Swamp:3:  layout_falls_marsh, evilmike_swamp_ruin_house_2,
          infiniplex_staircase_pool, uniq_kirke, uniq_aizul
Swamp:4:  byrel_swamp_growth_death_and_undeath, layout_basic_swamp,
          ebering_ghost_inner_flame, swamp_pool4, nicolae_swamp_little_tower
Orc:1:    layout_caves, serial_shops, ebering_ghost_disaster_area, mines2_david
Orc:2:    st_orc_congregation, layout_diamond_mine, serial_shops, shop,
          uniq_maurice
Vaults:1: portal_desolation_entry_ruin, hangedman_vaults_slither, v_misc_28,
          hangedman_vaults_stream, v_misc_30, v_misc_26, vaults_room_door_hall,
          nicolae_vaults_little_squares_1, ontoclasm_vaults_shuriken,
          vaults_room_large_hall, vaults_room_pool, grunt_vaults_hallway_short,
          layout_vaults_big_cross

Skill      XL: |  1  2  3  4  5  6  7  8  9 10 11 12 13 14 15 16 17 18 |
---------------+-------------------------------------------------------+-----
Axes           | 3 4 5 6 7 8 9 11 12 13 14 15 16 17 18 | 18.0
Fighting       | 4 5 6 7 8 9 10 11 12 13 14 15 | 15.6
Evocations     | 3 5 6 |  6.7
Shields        | 4 7 9 11 12 14 15 16 17 18 | 18.0
Dodging        | 3 4 5 6 7 8 9 10 | 10.0
Armour         | 4 6 7 9 10 11 12 | 12.7

Action                   |  1- 3 |  4- 6 |  7- 9 | 10-12 | 13-15 | 16-18 || total
-------------------------+-------+-------+-------+-------+-------+-------++-------
Melee: Hand axe          |   116 |   163 |       |       |       |       ||   279
       War axe           |       |     3 |   285 |   653 |  1209 |   122 ||  2272
       Punch             |       |     1 |     3 |     4 |       |       ||     8
       Broad axe         |       |       |       |       |    88 |  1398 ||  1486
Throw: Dart              |       |       |       |     5 |     3 |       ||     8
Invok: Berserk           |       |     7 |     2 |     9 |     3 |     3 ||    24
       Trog's Hand       |       |       |     1 |     5 |     4 |     8 ||    18
       Brothers in Arms  |       |       |       |     1 |       |     2 ||     3
Evoke: Wand              |       |       |       |     4 |     1 |     1 ||     6
       Lightning rod     |       |       |       |       |       |     3 ||     3
       Tin of tremorston |       |       |       |       |       |     2 ||     2
       Phantom mirror    |       |       |       |       |       |     1 ||     1
       Condenser vane    |       |       |       |       |       |     1 ||     1
  Use: Scroll            |     2 |     1 |     4 |    16 |     6 |     4 ||    33
       Potion            |       |       |       |       |     1 |     2 ||     3
 Stab: Paralysed         |       |       |       |     2 |       |       ||     2
       Petrified         |       |       |       |       |     4 |       ||     4
       Invisible         |       |       |       |       |     2 |       ||     2
       Distracted        |       |       |       |       |       |     1 ||     1
Armor: Scale mail        |    45 |    67 |   185 |   273 |     8 |       ||   578
       Chain mail        |       |       |       |   213 |   768 |  1099 ||  2080
Dodge: Dodged            |    71 |    92 |   146 |   315 |   429 |   609 ||  1662
Block: Kite shield       |       |       |       |    77 |   787 |   921 ||  1785
